[Event "Charlotte Fall-IM 2019"]
[Site "Charlotte"]
[Date "2019.11.28"]
[Round "1.1"]
[White "Francisco, Richard"]
[Black "Gauri, Shankar"]
[Result "0-1"]
[ECO "B12"]
[WhiteElo "2281"]
[BlackElo "2340"]
[Annotator "RC"]
[PlyCount "74"]
[EventDate "2019.11.28"]
[EventType "tourn"]
[EventCountry "USA"]
[SourceTitle "playchess.com"]
[Source "ChessBase"]
[SourceQuality "1"]
[TimeControl "5400+30"]

1. e4 c6 2. d4 d5 3. e5 Bf5 4. h4 h5 5. Bd3 Bxd3 6. Qxd3 Qa5+ 7. Nd2 e6 8. Ne2 Qa6 9. Qf3 Ne7 10. O-O c5 11. c3 Nf5 12. g3 Nc6 13. Nb3 cxd4 14. cxd4 Be7 15. Bd2 Rc8 16. Bc3 g6 17. Nf4 O-O 18. Kh1 Qb6 19. Qd1 a5 20. a4 Nb4 21. Rg1 Kg7 22. g4 hxg4 23. Qxg4 Rh8 24. h5 Kf8 25. Nxg6+ fxg6 26. Qxg6 Nd3 27. Nc5 Rxc5 28. dxc5 Qxc5 29. Bd2 Bd8 30. Be3 Nxf2+ 31. Bxf2 Qxf2 32. Rg4 Qf3+ 33. Kh2 Qe2+ 34. Kh3 Qe3+ 35. Kg2 Qxe5 36. Rf1 Bf6 37. Kh1 Rxh5+ 0-1

[Event "Charlotte Fall-IM 2019"]
[Site "Charlotte"]
[Date "2019.11.28"]
[Round "2.4"]
[White "Furfine, Jacob"]
[Black "Zhou, Liran"]
[Result "1/2-1/2"]
[ECO "D00"]
[WhiteElo "2302"]
[BlackElo "2314"]
[Annotator "RC"]
[PlyCount "95"]
[EventDate "2019.11.28"]
[EventType "tourn"]
[EventCountry "USA"]
[SourceTitle "playchess.com"]
[Source "ChessBase"]
[SourceQuality "1"]
[TimeControl "5400+30"]

1. d4 Nf6 2. Nc3 d5 3. Bf4 g6 4. e3 Bg7 5. h4 h5 6. Qd2 O-O 7. O-O-O c6 8. f3 b5 9. Bd3 b4 10. Na4 Qa5 11. b3 Ba6 12. Kb1 Bb5 13. Nb2 c5 14. Bxb5 Qxb5 15. Nd3 Nbd7 16. dxc5 a5 17. Ne2 Nxc5 18. Nxc5 Qxc5 19. Qd4 Qc6 20. Be5 Rac8 21. Rd2 Rfd8 22. Rhd1 Qe6 23. Nf4 Qf5 24. Bxf6 Bxf6 25. Nxd5 Kg7 26. e4 Bxd4 27. exf5 Rxd5 28. Rxd4 Rxf5 29. Rd5 e6 30. Rxf5 gxf5 31. Rd7 Kf6 32. Kb2 f4 33. Rd2 Kf5 34. a3 f6 35. axb4 axb4 36. Rd4 Rg8 37. Rxb4 Rxg2 38. Rc4 Rg3 39. Rc3 Ke5 40. b4 Kd5 41. b5 e5 42. Kc1 Rg1+ 43. Kd2 Rb1 44. Rc8 f5 45. Rf8 Rxb5 46. Rxf5 Rb1 47. Rxh5 Rf1 48. Ke2 1/2-1/2

[Event "Charlotte Fall-IM 2019"]
[Site "Charlotte"]
[Date "2019.11.29"]
[Round "3.1"]
[White "Zhou, Liran"]
[Black "Francisco, Richard"]
[Result "1-0"]
[ECO "C88"]
[WhiteElo "2314"]
[BlackElo "2281"]
[Annotator "ChessBase"]
[PlyCount "61"]
[EventDate "2019.11.28"]
[EventType "tourn"]
[EventCountry "USA"]
[SourceTitle "playchess.com"]
[Source "ChessBase"]
[SourceQuality "1"]
[TimeControl "5400+30"]

1. e4 e5 2. Nf3 Nc6 3. Bb5 a6 4. Ba4 Nf6 5. O-O b5 6. Bb3 Bb7 7. d3 Bd6 8. c3 h6 9. Re1 O-O 10. Nbd2 Re8 11. Nf1 Bf8 12. Ng3 d5 13. exd5 Nxd5 14. a3 Qd7 15. Ne4 Rad8 16. Bxh6 gxh6 17. Bxd5 Bg7 18. Ba2 Bc8 19. Nc5 Qd6 20. b4 Bf5 21. Nb7 Qf6 22. Nxd8 Rxd8 23. d4 exd4 24. Nxd4 Nxd4 25. cxd4 Rxd4 26. Qf3 Qg5 27. Rad1 Rf4 28. Qa8+ Kh7 29. Bxf7 Bc3 30. Re7 Rg4 31. Bg8+ 1-0

[Event "Charlotte Fall-IM 2019"]
[Site "Charlotte"]
[Date "2019.11.29"]
[Round "3.2"]
[White "Shen, Christopher"]
[Black "Gauri, Shankar"]
[Result "1-0"]
[ECO "E01"]
[WhiteElo "2306"]
[BlackElo "2340"]
[Annotator "ChessBase"]
[PlyCount "141"]
[EventDate "2019.11.28"]
[EventType "tourn"]
[EventCountry "USA"]
[SourceTitle "playchess.com"]
[Source "ChessBase"]
[SourceQuality "1"]
[TimeControl "5400+30"]

1. Nf3 d5 2. d4 Nf6 3. c4 e6 4. g3 Bb4+ 5. Bd2 Bd6 6. Bg2 c6 7. Qb3 O-O 8. Bb4 b6 9. Bxd6 Qxd6 10. Nbd2 Nbd7 11. O-O Bb7 12. Qc2 c5 13. cxd5 exd5 14. dxc5 bxc5 15. Rfd1 Rfe8 16. e3 Nf8 17. Nh4 Qb6 18. h3 Ne6 19. Nf5 Rad8 20. Rac1 h5 21. Nb3 g6 22. Nh4 Ne4 23. Nf3 c4 24. Nbd2 N4c5 25. b3 Nd3 26. Rb1 Nb4 27. Qb2 c3 28. Qxc3 Nxa2 29. Qb2 Nb4 30. Ne5 d4 31. Ndc4 Qb5 32. Bxb7 Qxb7 33. exd4 Ng5 34. d5 Rxd5 35. Nd6 Nf3+ 36. Nxf3 Rxd1+ 37. Rxd1 Qxf3 38. Nxe8 Qxd1+ 39. Kh2 Kf8 40. Qh8+ Ke7 41. Qe5+ Kf8 42. Nf6 Qd2 43. Qb8+ Kg7 44. Ne8+ Kf8 45. Nc7+ Kg7 46. Qxa7 Nd3 47. Qd4+ Kg8 48. Nd5 Qxf2+ 49. Qxf2 Nxf2 50. Kg2 Ne4 51. b4 Nd6 52. Kf3 Kf8 53. Kf4 Ke8 54. Ke5 Kd7 55. Ne3 Kc6 56. Kf6 Kb5 57. Ke5 Ne8 58. Nd5 Kc4 59. h4 Kb5 60. Nf6 Ng7 61. Ne4 f5 62. Nd6+ Kxb4 63. Kf6 Kc5 64. Kxg7 Kxd6 65. Kxg6 Ke5 66. Kxh5 Kf6 67. Kh6 f4 68. gxf4 Kf5 69. h5 Kf6 70. f5 Kf7 71. Kg5 1-0

[Event "Charlotte Fall-IM 2019"]
[Site "Charlotte"]
[Date "2019.11.29"]
[Round "3.5"]
[White "Arribas Lopez, Angel"]
[Black "Tsay, Vincent"]
[Result "1-0"]
[ECO "B23"]
[WhiteElo "2436"]
[BlackElo "2300"]
[Annotator "RC"]
[PlyCount "61"]
[EventDate "2019.11.28"]
[EventType "tourn"]
[EventCountry "USA"]
[SourceTitle "playchess.com"]
[Source "ChessBase"]
[SourceQuality "1"]
[TimeControl "5400+30"]

1. e4 c5 2. Nc3 e6 3. Nge2 d5 4. exd5 exd5 5. d4 Nf6 6. Bg5 Be6 7. Nf4 cxd4 8. Qxd4 Be7 9. O-O-O O-O 10. Ncxd5 Nxd5 11. Bxe7 Qxe7 12. Nxd5 Bxd5 13. Qxd5 Nc6 14. Bc4 Rac8 15. Qf5 g6 16. Qf4 b5 17. Bb3 Na5 18. Kb1 Rfe8 19. Bd5 Red8 20. h4 Nc4 21. a3 Rxd5 22. Rxd5 b4 23. Rhd1 bxa3 24. Rd7 Qe6 25. Rd8+ Rxd8 26. Rxd8+ Kg7 27. h5 a2+ 28. Kxa2 h6 29. Qd4+ Ne5+ 30. Kb1 g5 31. Qd6 1-0

[Event "Charlotte Fall-IM 2019"]
[Site "Charlotte"]
[Date "2019.11.29"]
[Round "4.1"]
[White "Francisco, Richard"]
[Black "Jacobson, Aaron"]
[Result "1-0"]
[ECO "E04"]
[WhiteElo "2281"]
[BlackElo "2301"]
[Annotator "ChessBase"]
[PlyCount "113"]
[EventDate "2019.11.28"]
[EventType "tourn"]
[EventCountry "USA"]
[SourceTitle "playchess.com"]
[Source "ChessBase"]
[SourceQuality "1"]
[TimeControl "5400+30"]

1. Nf3 d5 2. d4 Nf6 3. c4 e6 4. g3 dxc4 5. Bg2 c6 6. O-O b5 7. Bg5 Be7 8. Bxf6 Bxf6 9. Nc3 Bb7 10. Ne5 Qc7 11. a4 a6 12. Ne4 c5 13. Nxf6+ gxf6 14. Bxb7 Qxb7 15. Ng4 Nd7 16. dxc5 O-O-O 17. Qc2 h5 18. Ne3 Nxc5 19. axb5 axb5 20. Ra5 Qb6 21. Rfa1 Nb7 22. Ra6 Qc5 23. Qe4 Kc7 24. Ra7 Qc6 25. Qh4 f5 26. Qf6 h4 27. Qe5+ Kc8 28. Ra8+ Kd7 29. Rd1+ Nd6 30. Ra7+ Kc8 31. Rxd6 Qxd6 32. Qxd6 Rxd6 33. Ra8+ Kc7 34. Rxh8 hxg3 35. fxg3 Rd2 36. Kf2 Rxb2 37. h4 c3 38. h5 Rb1 39. Rf8 b4 40. h6 Rh1 41. Rxf7+ Kd6 42. Rb7 Kc5 43. h7 e5 44. Nc2 f4 45. Nxb4 Rh2+ 46. Kf3 Rh3 47. Nd3+ Kd6 48. Rg7 Kd5 49. Kg2 Rh6 50. g4 Kd4 51. g5 Rh5 52. g6 Ke3 53. Re7 e4 54. g7 Rxh7 55. Rxe4+ Kxe4 56. g8=Q Re7 57. Qc4+ 1-0

[Event "Charlotte Fall-IM 2019"]
[Site "Charlotte"]
[Date "2019.11.29"]
[Round "4.3"]
[White "Furfine, Jacob"]
[Black "Martin Del Campo C., Roberto"]
[Result "1/2-1/2"]
[ECO "B06"]
[WhiteElo "2302"]
[BlackElo "2314"]
[Annotator "ChessBase"]
[PlyCount "70"]
[EventDate "2019.11.28"]
[EventType "tourn"]
[EventCountry "USA"]
[SourceTitle "playchess.com"]
[Source "ChessBase"]
[SourceQuality "1"]
[TimeControl "5400+30"]

1. d4 d6 2. e4 g6 3. Nc3 Bg7 4. Be3 c6 5. a4 a5 6. h3 Nd7 7. Nf3 e5 8. Bc4 Ngf6 9. O-O O-O 10. dxe5 Nxe5 11. Nxe5 dxe5 12. Qxd8 Rxd8 13. Rad1 Rxd1 14. Rxd1 Nd7 15. Na2 Bf8 16. Nc1 Be7 17. Nb3 Kf8 18. f3 Ke8 19. Kf2 Bd8 20. Ke2 Bc7 21. Nc5 Nf8 22. Bg5 b6 23. Nd3 Nd7 24. g4 Ba6 25. Bxa6 Rxa6 26. c4 Bd6 27. Bd2 Ke7 28. h4 Ra8 29. Rh1 Nc5 30. Nxc5 Bxc5 31. Rd1 Bd4 32. b3 Ke6 33. Rh1 Rb8 34. h5 Rb7 35. g5 Rd7 1/2-1/2

[Event "Charlotte Fall-IM 2019"]
[Site "Charlotte"]
[Date "2019.11.29"]
[Round "4.4"]
[White "Gauri, Shankar"]
[Black "Tsay, Vincent"]
[Result "1/2-1/2"]
[ECO "E04"]
[WhiteElo "2340"]
[BlackElo "2300"]
[Annotator "ChessBase"]
[PlyCount "59"]
[EventDate "2019.11.28"]
[EventType "tourn"]
[EventCountry "USA"]
[SourceTitle "playchess.com"]
[Source "ChessBase"]
[SourceQuality "1"]
[TimeControl "5400+30"]

1. Nf3 d5 2. c4 e6 3. d4 Nf6 4. g3 dxc4 5. Bg2 Nc6 6. Qa4 Bb4+ 7. Bd2 Nd5 8. Bxb4 Ndxb4 9. O-O Rb8 10. Nc3 a6 11. Ne5 O-O 12. Nxc6 Nxc6 13. Bxc6 bxc6 14. Qxc6 Qxd4 15. Rfd1 Qe5 16. Rd2 Rb4 17. a3 Bb7 18. Qd7 Rb3 19. Qe7 h6 20. Rad1 Qf5 21. Qxc7 Rc8 22. Qe7 Kh7 23. f3 Bc6 24. Qd6 e5 25. Nd5 Bxd5 26. Qxd5 Rb5 27. Qd6 a5 28. Rc1 e4 29. a4 Rbc5 30. Rc3 1/2-1/2

[Event "Charlotte Fall-IM 2019"]
[Site "Charlotte"]
[Date "2019.11.29"]
[Round "4.5"]
[White "Shen, Christopher"]
[Black "Zhou, Liran"]
[Result "1/2-1/2"]
[ECO "E63"]
[WhiteElo "2306"]
[BlackElo "2314"]
[Annotator "ChessBase"]
[PlyCount "72"]
[EventDate "2019.11.28"]
[EventType "tourn"]
[EventCountry "USA"]
[SourceTitle "playchess.com"]
[Source "ChessBase"]
[SourceQuality "1"]
[TimeControl "5400+30"]

1. d4 Nf6 2. c4 g6 3. g3 Bg7 4. Bg2 O-O 5. Nc3 d6 6. Nf3 Nc6 7. O-O a6 8. b3 Rb8 9. d5 Na5 10. Bg5 c5 11. dxc6 Nxc6 12. Rc1 Bd7 13. Nd5 Ne4 14. Be3 e6 15. Nb6 Be8 16. a3 Bb2 17. Rb1 Bxa3 18. Qc2 f5 19. h4 Nb4 20. Qd1 Nc3 21. Qd2 Ne4 22. Qd1 Nc6 23. Ng5 Nxg5 24. hxg5 Bb4 25. Qc1 Bc5 26. Na4 Nd4 27. Nc3 a5 28. Qd2 Qb6 29. Na4 Bxa4 30. bxa4 Qa7 31. Bxd4 Bxd4 32. Rb5 Bc5 33. Rxa5 Qb6 34. Rb5 Qa7 35. Ra5 Qb6 36. Rb5 Qc7 1/2-1/2

[Event "Charlotte Fall-IM 2019"]
[Site "Charlotte"]
[Date "2019.11.30"]
[Round "6.1"]
[White "Francisco, Richard"]
[Black "Arribas Lopez, Angel"]
[Result "1/2-1/2"]
[ECO "B07"]
[WhiteElo "2281"]
[BlackElo "2436"]
[Annotator "RC"]
[PlyCount "48"]
[EventDate "2019.11.28"]
[EventType "tourn"]
[EventCountry "USA"]
[SourceTitle "playchess.com"]
[Source "ChessBase"]
[SourceQuality "1"]
[TimeControl "5400+30"]

1. e4 g6 2. d4 Bg7 3. Be3 d6 4. Nc3 Nf6 5. f3 c6 6. Qd2 b5 7. a4 b4 8. Nd1 a5 9. Bd3 Nbd7 10. Ne2 e5 11. c3 c5 12. d5 h5 13. Bb5 O-O 14. Bg5 Qc7 15. Rc1 Nh7 16. Be7 Re8 17. Bh4 Ba6 18. Bxa6 Rxa6 19. c4 Bf6 20. Bxf6 Ndxf6 21. b3 Kg7 22. Ne3 h4 23. Ng1 Qd8 24. Nh3 Nh5 1/2-1/2

[Event "Charlotte Fall-IM 2019"]
[Site "Charlotte"]
[Date "2019.11.30"]
[Round "6.3"]
[White "Gauri, Shankar"]
[Black "Drozdowski, Kacper"]
[Result "1/2-1/2"]
[ECO "A07"]
[WhiteElo "2340"]
[BlackElo "2467"]
[Annotator "RC"]
[PlyCount "45"]
[EventDate "2019.11.28"]
[EventType "tourn"]
[EventCountry "USA"]
[SourceTitle "playchess.com"]
[Source "ChessBase"]
[SourceQuality "1"]
[TimeControl "5400+30"]

1. Nf3 d5 2. g3 Bg4 3. Bg2 Nd7 4. h3 Bxf3 5. Bxf3 Ngf6 6. d3 c6 7. O-O e5 8. c4 dxc4 9. dxc4 Qc7 10. Nc3 Bc5 11. Bg2 O-O 12. Qc2 Rad8 13. Na4 Be7 14. Be3 Nb6 15. Rfd1 Nfd7 16. Rd2 Nxa4 17. Qxa4 Nc5 18. Qc2 Rxd2 19. Bxd2 Rd8 20. Bc3 g6 21. Rd1 Rxd1+ 22. Qxd1 Qd6 23. Qxd6 1/2-1/2

[Event "Charlotte Fall-IM 2019"]
[Site "Charlotte"]
[Date "2019.12.01"]
[Round "8.1"]
[White "Francisco, Richard"]
[Black "Drozdowski, Kacper"]
[Result "0-1"]
[ECO "D30"]
[WhiteElo "2281"]
[BlackElo "2467"]
[Annotator "ChessBase"]
[PlyCount "67"]
[EventDate "2019.11.28"]
[EventType "tourn"]
[EventCountry "USA"]
[SourceTitle "playchess.com"]
[Source "ChessBase"]
[SourceQuality "1"]
[TimeControl "5400+30"]

1. Nf3 e6 2. d4 d5 3. c4 c6 4. Qc2 dxc4 5. Qxc4 b5 6. Qc2 Bb7 7. g3 Nd7 8. a3 c5 9. dxc5 Bxc5 10. Bg2 Rc8 11. Nc3 Ngf6 12. O-O O-O 13. b4 Bxf3 14. Bxf3 Bd4 15. Bb2 Ne5 16. Rac1 Qb6 17. Bg2 Bxf2+ 18. Rxf2 Nfg4 19. e3 Qxe3 20. Bf1 Rfd8 21. Kg2 Nxf2 22. Qxf2 Rd2 23. Ne2 Qe4+ 24. Kg1 Rxc1 25. Bxc1 Rd1 26. Qxa7 h5 27. Qe3 Qc6 28. Qc5 Qb7 29. Qc2 Qd5 30. h3 Nf3+ 31. Kf2 Ne1 32. Qc8+ Kh7 33. Kg1 Qf3 34. Nf4 0-1

[Event "Charlotte Fall-IM 2019"]
[Site "Charlotte"]
[Date "2019.12.01"]
[Round "8.2"]
[White "Gauri, Shankar"]
[Black "Furfine, Jacob"]
[Result "1/2-1/2"]
[ECO "A31"]
[WhiteElo "2340"]
[BlackElo "2302"]
[Annotator "NA"]
[PlyCount "29"]
[EventDate "2019.11.28"]
[EventType "tourn"]
[EventCountry "USA"]
[SourceTitle "playchess.com"]
[Source "ChessBase"]
[SourceQuality "1"]
[TimeControl "5400+30"]

1. d4 Nf6 2. c4 c5 3. Nf3 g6 4. Nc3 cxd4 5. Nxd4 b6 6. e4 Bb7 7. e5 Ne4 8. Nd5 e6 9. Nc3 Nxc3 10. bxc3 Nc6 11. Bf4 Nxd4 12. cxd4 Bb4+ 13. Bd2 Bxd2+ 14. Qxd2 O-O 15. h4 1/2-1/2

[Event "Charlotte Fall-IM 2019"]
[Site "Charlotte"]
[Date "2019.12.01"]
[Round "8.3"]
[White "Shen, Christopher"]
[Black "Tsay, Vincent"]
[Result "1-0"]
[ECO "D45"]
[WhiteElo "2306"]
[BlackElo "2300"]
[Annotator "NA"]
[PlyCount "165"]
[EventDate "2019.11.28"]
[EventType "tourn"]
[EventCountry "USA"]
[SourceTitle "playchess.com"]
[Source "ChessBase"]
[SourceQuality "1"]
[TimeControl "5400+30"]

1. d4 d5 2. c4 e6 3. Nc3 c6 4. e3 Nf6 5. Nf3 Nbd7 6. Qc2 Bd6 7. g4 Nxg4 8. Rg1 Qf6 9. Rxg4 Qxf3 10. Rxg7 Nf6 11. Rg5 Ng4 12. h3 Nh2 13. Bg2 Qf6 14. f4 Qh6 15. Qf2 Bd7 16. Bd2 Be7 $18 17. Qg3 O-O-O 18. Qxh2 Bxg5 19. fxg5 Qh4+ 20. Ke2 Qxg5 21. Rc1 Rhg8 22. Bf3 Be8 23. cxd5 exd5 24. Nb5 Qg3 25. Qxg3 Rxg3 26. Nc3 Bd7 27. Nxd5 Bxh3 28. Nf4 Bg4 29. Bxg4+ Rxg4 30. Rh1 Rg7 31. Bc3 Re8 32. d5 Rg3 33. Bd4 cxd5 34. Rxh7 Rg4 35. Rxf7 Kb8 36. Kd3 Rg5 37. Rd7 Kc8 38. Rxd5 Rxd5 39. Nxd5 b6 40. e4 Kb7 41. e5 Kc6 42. Nf6 Rh8 43. Bc3 Rh4 44. a3 a5 45. Ne4 Kd5 46. Nd6 Rh3+ 47. Kd2 Rg3 48. Nf5 Rh3 49. Ne7+ Ke6 50. Nc8 b5 51. Bxa5 Kxe5 52. Na7 Kd5 53. Nxb5 Kc4 54. Nd6+ Kb3 55. Bc3 Rh7 56. Ne4 Rh3 57. Nc5+ Kc4 58. Bb4 Rh2+ 59. Kc1 Rh1+ 60. Kc2 Rh2+ 61. Kb1 Rh1+ 62. Ka2 Rh2 63. Ne4 Rh3 64. Nd2+ Kb5 65. Bc3 Ka4 66. b3+ Kb5 67. a4+ Ka6 68. Kb2 Rg3 69. b4 Rg4 70. Kb3 Rg3 71. Kc4 Rg8 72. b5+ Kb7 73. Nb3 Rg4+ 74. Bd4 Rg2 75. a5 Ka8 76. b6 Ra2 77. Kb5 Re2 78. a6 Re4 79. Bc5 Re6 80. Nd4 Rh6 81. Nc6 Rh7 82. Na5 Ra7 83. b7+ 1-0

[Event "Charlotte Fall-IM 2019"]
[Site "Charlotte"]
[Date "2019.12.01"]
[Round "9.5"]
[White "Martin Del Campo C., Roberto"]
[Black "Gauri, Shankar"]
[Result "1/2-1/2"]
[ECO "B93"]
[WhiteElo "2314"]
[BlackElo "2340"]
[Annotator "ChessBase"]
[PlyCount "20"]
[EventDate "2019.11.28"]
[EventType "tourn"]
[EventCountry "USA"]
[SourceTitle "playchess.com"]
[Source "ChessBase"]
[SourceQuality "1"]
[TimeControl "5400+30"]

1. e4 c5 2. Nf3 d6 3. d4 cxd4 4. Nxd4 Nf6 5. Nc3 a6 6. f4 e5 7. Nf3 Qc7 8. Bd3 Be7 9. O-O O-O 10. Kh1 b5 1/2-1/2